 Dungeon Crawl Stone Soup version 0.31-b1-18-g61460d1e46 (webtiles) character file.

Game seed: 5633984619608745427

3764 Hubris850 the Grappler (level 9, -3/64 HPs)
             Began as a White Draconian Shapeshifter on Jan 16, 2024.
             Was an Elder of Elyvilon.
             Killed from afar by a lava snake (19 damage)
             ... with a glob of lava
             ... on level 9 of the Dungeon.
             The game lasted 00:18:14 (6947 turns).

Hubris850 the Grappler (DrSh)                       Turns: 6947, Time: 00:18:15

Health: -3/64      AC: 12    Str: 24    XL:     9   Next: 94%
Magic:  13/13      EV: 13    Int: 11    God:    Elyvilon [****..]
Gold:   424        SH:  0    Dex: 14    Spells: 8/8 levels left

rFire   . . .        l - +11 whip of Dissent {venom, rN+ Str+6 Int-4}
rCold   + . .        (no shield)
rNeg    + . .        (body armour unavailable)
rPois   .            (helmet restricted)
rElec   .            z - +1 cloak
rCorr   .            K - +2 pair of gloves
SInv    .            (no boots)
Will    .....        B - amulet of Agnosticism {Regen+ Int+5}
Stlth   ++           (no ring)
HPRegen 1.10/turn    (no ring)
MPRegen 0.13/turn

%: no passive effects
@: about to teleport
A: breathe frost, AC +7, unfitting armour, cold resistance 1, cold-blooded
a: Breathe Frost, Renounce Religion, Purification, Heal Other, Heal Self


You were on level 9 of the Dungeon.
You worshipped Elyvilon.
Elyvilon was greatly pleased with you.
You visited 1 branch of the dungeon, and saw 9 of its levels.
You also visited: Ossuary.

You collected 424 gold pieces.

Inventory:

Hand Weapons
 f - a +2 whip of freezing
 l - the +11 whip of Dissent (weapon) {venom, rN+ Str+6 Int-4}
   (You found it on level 4 of the Dungeon)

   Str+6:     It affects your strength (+6).
   Int-4:     It affects your intelligence (-4).
   rN+:       It protects you from negative energy.
 q - the +9 rapier "Ineumewau" {drain, Str+2}
   (You found it on level 3 of the Dungeon)

   Str+2:     It affects your strength (+2).
   Elyvilon disapproves of the use of such an item.
 r - a +6 battleaxe
Missiles
 n - 25 poisoned darts (quivered)
 o - 5 boomerangs
Armour
 m - a +0 pair of gloves
 z - a +1 cloak (worn)
 K - a +2 pair of gloves (worn)
Magical Staves
 e - a staff of alchemy
 k - a staff of earth
Jewellery
 y - an amulet of reflection
 B - the amulet of Agnosticism (around neck) {Regen+ Int+5}
   (You acquired it in an ossuary)

   [amulet of regeneration]

   Int+5:     It affects your intelligence (+5).
   Regen+:    It increases your rate of health regeneration.
 J - an amulet of faith
Talismans
 b - a beast talisman
 c - a flux talisman
 u - a granite talisman
 F - a talisman of death
Scrolls
 i - a scroll of fog
 p - 2 scrolls of teleportation
 w - a scroll of amnesia
 E - a scroll of summoning {unknown}
 G - a scroll of vulnerability
 H - a scroll of fear
 I - a scroll of poison {unknown}
Potions
 a - 2 potions of lignification
 d - 2 potions of curing
 g - 2 potions of mutation
 h - a potion of might
 j - 3 potions of haste
 s - a potion of brilliance
 t - a potion of resistance {unknown}
 v - a potion of cancellation {unknown}
 x - 2 potions of berserk rage
 A - 2 potions of heal wounds
 C - a potion of attraction {unknown}
 D - a potion of invisibility


   Skills:
 - Level 1.1 Fighting
 - Level 1.0 Maces & Flails
 - Level 3.5 Dodging
 - Level 0.6 Stealth
 + Level 9.4 Unarmed Combat
 + Level 6.4 Invocations
 + Level 8.6 Shapeshifting


You had 8 spell levels left.
You didn't know any spells.
Your spell library contained the following spells:

 Spells                   Type           Power      Damage    Failure   Level
 Dazzling Flash           Conj/Hex       0%         N/A       71%         3
 Hailstorm                Conj/Ice       0%         3d5       71%         3
 Inner Flame              Hex/Fire       0%         N/A       71%         3
 Mephitic Cloud           Conj/Alch/Air  0%         N/A       71%         3
 Summon Ice Beast         Ice/Summ       0%         N/A       71%         3
 Curse of Agony           Necr           0%         N/A       100%        5
 Irradiate                Conj/Alch      0%         3d11      100%        5
 Silence                  Hex/Air        0%         N/A       100%        5
 Sculpt Simulacrum        Ice/Alch       0%         N/A       100%        6
 Ignition                 Fire           0%         3d3       100%        8


Dungeon Overview and Level Annotations

Branches:
Dungeon (10/15)            Temple (0/1) D:4         Ossuary (visited)
   Lair: D:8-11         Orc: D:9-12

Altars:
Ashenzari
Elyvilon
Makhleb
Qazlal
Sif Muna
Vehumet
Xom
Zin


Innate Abilities, Weirdness & Mutations

You can breathe waves of freezing cold which knock back foes.
Your icy white scales are hard. (AC +7)
You cannot fit into any form of body armour.
Your flesh is cold resistant. (rC+)
You are cold-blooded and may be slowed by cold attacks.


Message History

You feel sick. The killer bee stings you. The killer bee barely misses you.
The killer bee stings you!
Things that are here:
a +0 shortbow; a killer bee corpse; a centaur corpse You feel sick.
The killer bee barely misses you.
The deep elf pyromancer mumbles some strange words.
You closely miss the killer bee. Your punch misses the killer bee.
You feel sick.
The killer bee stings you but does no damage.
The deep elf pyromancer casts a spell.
Unknown command.
You whack the killer bee!
The killer bee is poisoned.
The killer bee is severely wounded.
You feel sick.
The killer bee stings you but does no damage.
The killer bee barely misses you. The killer bee misses you.
The killer bee closely misses you.
You hit the killer bee.
You kill the killer bee!
You feel sick.
You are no longer poisoned.
The killer bee barely misses you.
The killer bee stings you but does no damage.
The fire elemental barely misses you.
You whack the killer bee!
The killer bee looks as sick as possible!
Your tail-slap misses the killer bee.
The killer bee is severely wounded.
You kill the killer bee!
The fire elemental hits you. The fire elemental burns you!
The deep elf pyromancer casts a spell.
The deep elf pyromancer blinks!
The fire elemental hits you. The fire elemental burns you!
The fire elemental closely misses you.
As you read the scroll of teleportation, it crumbles to dust.
You feel strangely unstable. The fire elemental barely misses you.
The fire elemental hits you. The fire elemental burns you!
* * * LOW HITPOINT WARNING * * *
The lava snake spits lava at you. The glob of lava hits you!!
You die...

#§≈≈≈ #≈§≈§≈ ##≈≈≈≈§§§
##≈≈≈≈≈§≈≈ ..
#§§≈§≈≈§§§ ...
#####§≈≈≈≈§§≈≈ )..#
#.@.#≈≈≈≈≈≈≈§§
....###+##E#.'..§..§.!≈
#....e.°☼E#.'.......§§
#......°°E#.#SS≈≈≈≈≈§.
#.....°)..#.#≈§≈≈≈≈≈§≈
#####..##.#.#≈≈≈≈≈≈§§§
#..#....##≈≈≈≈≈≈≈§
##.#..#####≈≈≈§≈≈≈
##....# #§§≈≈≈≈


You could see 3 fire elementals and 2 lava snakes.

Vanquished Creatures
  A death knight (D:9)
  A troll (D:7)
  A hornet (D:9)
  A water moccasin (D:7)
  An ice beast (D:5)
  A black bear (D:4)
  A sky beast (D:7)
  An ogre (D:5)
  2 centaurs
  A weeping skull (Ossuary)
  A phantom (D:6)
  A kobold brigand (D:6)
  2 scorpions
  A gnoll sergeant (D:7)
  5 water moccasin zombies (Ossuary)
  4 wights (D:6)
  6 killer bees
  A bombardier beetle (D:5)
  3 lava snakes (D:9)
  2 jellies (D:5)
  6 hounds
  2 orc priests (D:3)
  Jessica (D:2)
  3 sleepcaps
  3 iguanas
  4 orc wizards
  2 crocodile zombies (Ossuary)
  2 mummies (Ossuary)
  5 adders
  5 gnolls (D:7)
  A shadow imp (D:7)
  3 adder zombies (Ossuary)
  8 dart slugs
  A ribbon worm (D:2)
  18 orcs
  6 ball pythons
  9 bats
  12 endoplasms
  2 giant cockroaches (D:1)
  6 hobgoblins
  5 jackals
  9 kobolds
  2 frilled lizards
  6 gnoll zombies (Ossuary)
  4 goblins
  4 jackal zombies (Ossuary)
  6 orc zombies (Ossuary)
  7 rats
179 creatures vanquished.

Vanquished Creatures (others)
  An orc (D:6)
1 creature vanquished.

Grand Total: 180 creatures vanquished

Notes
Turn   | Place    | Note
-------+----------+-------------------------------------------
     0 | D:1      | Hubris850 the Draconian Shapeshifter began the quest for
                  | the Orb.
     0 | D:1      | Reached XP level 1. HP: 16/16 MP: 1/1
   230 | D:1      | Reached XP level 2. HP: 19/23 MP: 2/2
   390 | D:1      | Found a faded altar of an unknown god.
   403 | D:1      | Prayed at the altar of an unknown god.
   403 | D:1      | Became a worshipper of Elyvilon the Healer
   403 | D:1      | Reached * piety under Elyvilon
   615 | D:1      | Reached XP level 3. HP: 28/28 MP: 3/3
   981 | D:2      | Noticed Jessica
   987 | D:2      | Killed Jessica
   988 | D:2      | Reached XP level 4. HP: 19/35 MP: 4/4
  1225 | D:2      | Reached skill level 1 in Maces & Flails
  1225 | D:2      | Reached skill level 4 in Unarmed Combat
  1225 | D:2      | Reached ** piety under Elyvilon
  1517 | D:2      | Found a stormy altar of Qazlal.
  2001 | D:3      | Reached XP level 5. HP: 35/40 MP: 5/5
  2039 | D:3      | HP: 1/40 [orc priest/divine providence (14)]
  2233 | D:3      | Found a radiant altar of Vehumet.
  2266 | D:3      | Identified the +9 rapier "Ineumewau" {drain, Str+2}
  2356 | D:3      | Reached *** piety under Elyvilon
  2980 | D:4      | Reached XP level 6. HP: 12/47 MP: 6/6
  3087 | D:4      | Identified the +11 whip of Dissent {venom, rN+ Str+6 Int-4}
  3385 | D:4      | Reached skill level 5 in Unarmed Combat
  3662 | D:4      | Found a staircase to the Ecumenical Temple.
  3770 | D:5      | Entered Level 5 of the Dungeon
  3781 | D:5      | Reached skill level 5 in Shapeshifting
  3793 | D:5      | Your scales start taking on an icy white colour.
  3793 | D:5      | Reached XP level 7. HP: 25/52 MP: 7/7
  3793 | D:5      | Gained mutation: Your flesh is cold resistant. (rC+) [White
                  | Draconian growth]
  4011 | D:5      | Reached **** piety under Elyvilon
  4038 | D:5      | Reached skill level 6 in Unarmed Combat
  5015 | D:6      | Reached XP level 8. HP: 57/59 MP: 8/8
  5058 | D:6      | Reached skill level 7 in Unarmed Combat
  5210 | D:6      | Found a shimmering blue altar of Sif Muna.
  5233 | D:6      | Found a broken altar of Ashenzari.
  5302 | D:6      | Reached skill level 1 in Invocations
  5361 | D:6      | Found a sand-covered staircase.
  5367 | Ossuary  | Entered an ossuary
  5762 | Ossuary  | Identified a scroll of acquirement
  5762 | Ossuary  | Acquired the amulet of Agnosticism {Regen+ Int+5}
  5800 | D:6      | Found a glowing silver altar of Zin.
  5815 | D:6      | Reached skill level 8 in Unarmed Combat
  5815 | D:6      | Found a shimmering altar of Xom.
  5962 | D:6      | Found a burning altar of Makhleb.
  6267 | D:7      | Reached XP level 9. HP: 48/64 MP: 11/11
  6329 | D:7      | Noticed a troll
  6345 | D:7      | Killed a troll
  6545 | D:7      | Reached ***** piety under Elyvilon
  6728 | D:7      | Reached skill level 5 in Invocations
  6758 | D:7      | You fall into a shaft and drop 3 floors!
  6758 | D:10     | Entered Level 10 of the Dungeon
  6819 | D:9      | Noticed a death knight
  6847 | D:9      | Elyvilon protects you from harm!
  6849 | D:9      | HP: 1/64 [death knight/+3 broad axe (11)]
  6854 | D:9      | Killed a death knight
  6855 | D:9      | Reached skill level 9 in Unarmed Combat
  6925 | D:9      | Noticed a deep elf pyromancer
  6947 | D:9      | Killed from afar by a lava snake

Illustrated notes

Levels and vault maps discovered:
D:1:      saegor_arrival_simple_c, layout_basic, serial_corexii_hall,
          chequers_hall_statues_y, corexii_hall_statues_deadend,
          hellmonk_ecumenical_altar_pennies_from_heaven
D:2:      layout_loops_corners, basic_altar, serial_rivers,
          chequers_serial_rivers_micro_e, chequers_serial_rivers_marsh,
          chequers_serial_rivers_room_b, chequers_serial_rivers_micro_e,
          chequers_serial_rivers_marsh, chequers_serial_rivers_micro_e,
          nrook_campfire, bh_walls_and_bars, uniq_jessica
D:3:      layout_basic, lemuel_tele_altar, minmay_checkerbox
D:4:      layout_loops_ring, minmay_temple_entry_enclosed_plants,
          kennysheep_generic_room_12
D:5:      layout_cave_pods
D:6:      layout_basic, nicolae_sif_muna_condensation,
          mainiacjoe_overflow_boulevard, kennysheep_mini_moat,
          mainiacjoe_overflow_chevrons, evilmike_ruin_ashenzari,
          nicolae_ossuary_entry_plus
D:7:      layout_loops_ring
D:9:      kennysheep_big_flooded_room, layout_basic, minmay_curled_crystal,
          uniq_harold
D:10:     layout_loops_ring, mainiacjoe_overflow_tiny_flanked,
          mainiacjoe_overflow_catwalk, hiddenorc1_lemuel

Skill      XL: |  1  2  3  4  5  6  7  8  9 |
---------------+----------------------------+-----
Dodging        | 2 3 |  3.5
Maces & Flails | 1 |  1.0
Unarmed Combat | 4 5 6 8 9 |  9.4
Shapeshifting  | 4 5 6 7 8 |  8.6
Invocations    | 3 6 |  6.4
Fighting       | |  1.1
Stealth        | |  0.6

Action                     |  1- 3 |  4- 6 |  7- 9 || total
---------------------------+-------+-------+-------++-------
  Melee: Unarmed           |    52 |   127 |       ||   179
         Whip              |    13 |    28 |   266 ||   307
         Tailslap          |     3 |    18 |    43 ||    64
         Punch             |     1 |     5 |    15 ||    21
  Throw: Dart              |       |     2 |     6 ||     8
 Invoke: Heal Self         |       |       |     2 ||     2
Ability: Breathe Frost     |       |       |     4 ||     4
         Begin Untransform |       |       |     1 ||     1
    Use: Scroll            |       |     6 |    12 ||    18
         Potion            |       |     1 |     6 ||     7
   Stab: Sleeping          |     3 |     3 |     1 ||     7
         Distracted        |       |     1 |       ||     1
 Armour: Skin              |    32 |    87 |   194 ||   313
  Dodge: Dodged            |    39 |    83 |   171 ||   293
